[Event "1000GM Schev-A February 2024"]
[Site "Santa Clara"]
[Date "2024.02.19"]
[Round "5.1"]
[White "Arutla, Aditya"]
[Black "Dominguez Aguilar, Guillermo"]
[Result "1-0"]
[ECO "B56"]
[WhiteElo "2132"]
[BlackElo "2319"]
[Annotator "TA"]
[PlyCount "55"]
[EventDate "2024.02.13"]
[EventType "schev"]
[EventCountry "USA"]
[SourceTitle "playchess.com"]
[Source "ChessBase"]
[SourceQuality "1"]
[TimeControl "5400+30"]

1. e4 c5 2. Nf3 d6 3. d4 cxd4 4. Nxd4 Nf6 5. Nc3 e5 6. Bb5+ Bd7 7. Bxd7+ Qxd7 8. Nde2 Qc6 9. Ng3 h6 10. O-O Nbd7 {[%emt 0:00:12] Weiß steht besser.} 11. f3 g6 12. Be3 Nb6 13. Kh1 Nc4 14. Bc1 Be7 15. Re1 Nb6 16. a4 a6 17. a5 Nc4 ({Besser ist} 17... Nbd7) 18. Nd5 $16 {[%emt 0:20:33] Nxe7 wäre nun fies.} Nxd5 (18... b6 $16 19. Nxe7 Kxe7 20. axb6 Nxb6) 19. exd5 $18 Qc7 20. b3 Nxa5 {[%emt 0:01:00] [#]} 21. f4 $1 b6 22. Bb2 f6 {[%emt 0:02:33] Schwarz ist schwach auf den weissen Feldern} 23. Qd3 (23. Qg4 $142) 23... Kf7 (23... Rg8 $142 24. fxe5 dxe5) 24. Rf1 Nb7 25. Rae1 (25. Rxa6 Nc5 26. Qe2 Rxa6 $19 (26... Nxa6 27. fxe5 Rhe8 28. exd6 $11)) 25... Kg7 $2 (25... Nc5 26. Qf3 Nd7) 26. fxe5 {[%emt 0:02:51] Weiß steht klar auf Gewinn.} fxe5 {[%emt 0:00:00] [#]} (26... dxe5 $142 27. Rxe5 Bd8 (27... fxe5 $2 {ist das falsche Schlagen.} 28. Nh5+ gxh5 29. Qg3+ Bg5 30. Bxe5+ Kg8 31. Bxc7 $18)) 27. Rxe5 $3 dxe5 {[%emt 0:00:00] [#]} 28. Nh5+ $1 {[%emt 0:00:08][%mdl 512] Gewichteter Fehlerwert: Weiß=0.10 (sehr präzise) /Schwarz=0.41.  Fehler:       	Weiß=1     	Schwarz=5     Ungenau:       	Weiß=1     	Schwarz=2     OK:         	Weiß=8     	Schwarz=5     Bester:       	Weiß=2     	---        Stark:        	Weiß=1     	---} 1-0

[Event "1000GM Schev-A February 2024"]
[Site "Santa Clara"]
[Date "2024.02.19"]
[Round "5.2"]
[White "Jimenez Garcia, Emmanuel"]
[Black "Sivakumar, Shaashwath"]
[Result "1-0"]
[ECO "B55"]
[WhiteElo "2394"]
[BlackElo "2205"]
[Annotator "TA"]
[PlyCount "69"]
[EventDate "2024.02.13"]
[EventType "schev"]
[EventCountry "USA"]
[SourceTitle "playchess.com"]
[Source "ChessBase"]
[SourceQuality "1"]
[TimeControl "5400+30"]

1. e4 c5 2. Nf3 d6 3. d4 cxd4 4. Nxd4 Nf6 5. Bd3 a6 6. c4 g6 7. Nc3 Bg7 8. h3 {[%emt 0:05:58] White is slightly better.} O-O 9. Be3 b6 10. O-O Bb7 11. a4 Nbd7 {[%emt 0:00:19] [#]} 12. a5 $1 Nc5 13. axb6 Qxb6 14. Na4 (14. Qc2 $11) 14... Qc7 (14... Nxa4 $5 15. Qxa4 Ng4 16. hxg4 Bxd4 17. Bxd4 Qxd4 $15) 15. f3 Nxd3 16. Qxd3 Nd7 17. Rfc1 Rac8 18. Qa3 Rfd8 19. b4 Ne5 20. Nb2 e6 21. b5 Ra8 {[%emt 0:09:09] [#] ...axb5 would now be deadly.} 22. Qb4 a5 (22... axb5 $11 23. cxb5 Rxa1 24. Rxa1 Qb8) 23. Qd2 Nd7 (23... a4 $14) 24. Ra3 Nc5 (24... Qc5 $16 25. Rb3 (25. Rxa5 Rxa5 26. Qxa5 Ra8 $14) 25... Qc7) 25. Na4 $18 Rac8 26. Nb3 Nxb3 (26... Ra8 {is a better defense.} 27. Bf4 (27. b6 Qc6 $16) 27... Qe7) 27. Rxb3 d5 (27... Qe7 {was worth a try.} 28. Rd3 (28. Qxa5 Ra8 $18) 28... h6 29. Bxh6 Bxh6 30. Qxh6 d5) 28. exd5 exd5 29. c5 d4 30. Bf4 Be5 31. Bxe5 Qxe5 32. c6 (32. Qxa5 d3 33. Qd2 Qd4+ 34. Kh1 Qxa4 $11) 32... d3 $2 (32... Bxc6 33. Rxc6 (33. bxc6 Qd5 $18) 33... Rxc6 34. bxc6 Qc7) 33. Rxd3 {[%emt 0:00:35] White is clearly winning.} (33. cxb7 $2 {is the wrong capture.} Rxc1+ 34. Qxc1 d2 $19) 33... Rxd3 34. Qxd3 Qf4 35. Rc4 {[%emt 0:01:00] Weighted Error Value: White=0.12 (very precise) /Black=0.30.  Mistake:       	White=1     	Black=6      Inaccurate:     	White=2     	Black=2      OK:         	White=11    	Black=10     Best:        	White=3     	---} (35. cxb7 Qxc1+ 36. Qf1 Qxf1+ 37. Kxf1 Rb8 $11) 1-0

[Event "1000GM Schev-A February 2024"]
[Site "Santa Clara"]
[Date "2024.02.19"]
[Round "5.3"]
[White "Martin Carmona, Gaston Manuel"]
[Black "Zhou, Ruoyu"]
[Result "1-0"]
[ECO "E06"]
[WhiteElo "2343"]
[BlackElo "2112"]
[Annotator "TA"]
[PlyCount "187"]
[EventDate "2024.02.13"]
[EventType "schev"]
[EventCountry "USA"]
[SourceTitle "playchess.com"]
[Source "ChessBase"]
[SourceQuality "1"]
[TimeControl "5400+30"]

1. Nf3 d5 2. g3 e6 3. Bg2 Be7 4. c4 Nf6 5. d4 O-O 6. Qc2 dxc4 7. Qxc4 a6 8. Bf4 Nd5 {[%emt 0:09:39] E06: Katalanisch.} 9. O-O Nxf4 10. gxf4 c6 $146 ({Predecessor:} 10... c5 11. dxc5 Qc7 12. Nbd2 Qxc5 13. Qxc5 Bxc5 14. Rac1 Ba7 15. Nc4 Nc6 16. Rfd1 f6 {1-0 Lenderman,A (2637)-Harvey,M (2397) PRO League Stage rapid 2019 (2)}) 11. Rd1 Nd7 12. Qc2 Nf6 13. e3 Bd7 14. Nc3 Qc7 15. Rac1 Rac8 16. Ne5 Rfd8 17. a3 Qb8 18. Na4 Be8 19. Qb3 Nd5 20. Nc5 Bxc5 21. dxc5 Rc7 22. Bh3 Re7 23. Nc4 f5 24. Bg2 Bh5 25. Rd4 Rf8 26. f3 Kh8 27. Kf2 Rg8 28. h4 h6 29. Rh1 Qa7 30. Nb6 Qb8 31. Nxd5 exd5 32. Qc3 Qc7 33. Bh3 Rf8 34. Rd3 Qd8 35. Bf1 Rfe8 36. Qd4 Re6 37. b4 Qe7 38. Rb3 Bg6 39. h5 Bh7 40. Rh3 Rf6 41. Rg3 Bg8 42. Bd3 Qf7 43. Rh3 Bh7 44. Rb1 Rfe6 45. Rg1 R6e7 46. Rhg3 Qf6 47. a4 Qxd4 48. exd4 Re3 49. Rd1 R3e7 (49... Kg8 $11) 50. Rgg1 $16 Kg8 51. Ra1 (51. b5 $16) 51... Re3 {[%emt 0:00:25] [#]} 52. Rgd1 (52. Ra3 $1 $16) 52... Kf7 $2 (52... g5 $11) 53. b5 $18 g6 $2 (53... a5 {war angesagt.} 54. bxc6 bxc6) 54. bxc6 bxc6 55. Rab1 gxh5 56. Rb6 (56. Bxa6 Ra3 $14) 56... h4 57. Rxc6 Bg6 58. Rc7+ (58. Rxa6 Bh5 59. Ra7+ (59. Rxh6 Rxf3+ 60. Kg2 Rg8+ 61. Kh2 Rf2+ 62. Kh3 Bg4+ 63. Kxh4 Rh2+ 64. Kg3 Rxh6 65. Rg1 Be2+ 66. Kf2 Rh2+ 67. Ke3 Rxg1 68. Bxe2 Re1 69. Kd3 Rexe2 70. a5 Rc2 71. a6 Rc4 72. a7 Rhc2 73. a8=Q R4c3#) 59... Kf8 $11) (58. Be4 $2 fxe4 59. Kxe3 exf3+ 60. Kd2 (60. Kf2 $2 Re2+ 61. Kf1 h3 $19) 60... Re2+ 61. Kc3 f2 $19) 58... Kf8 59. Rc8 (59. Bxa6 Bh5 60. Kg1 R8e6 61. Rc8+ Kf7 $11) 59... Rxf3+ (59... Rxc8 $142 60. Kxe3 Be8) 60. Kxf3 $18 Rxc8 61. Rh1 (61. Bxa6 $6 Bh5+ 62. Kf2 Ra8 $11) 61... Bh5+ (61... Rb8 $16) 62. Ke3 Rc6 63. Rxh4 Bg4 64. Rh1 Ke7 65. Rb1 h5 66. Rb7+ Kd8 67. Rh7 Re6+ 68. Kf2 Rg6 69. Bf1 Bd1 70. a5 Rg4 (70... Bc2 {ist eine bessere Verteidigung.} 71. Rxh5 Rg4) 71. c6 $18 (71. Rxh5 $2 Rxf4+ 72. Kg3 Rxf1 $19) 71... Rxf4+ (71... Rg6 $142 72. Rd7+ (72. Bxa6 Rxc6 73. Bb5 Rc2+ 74. Ke1 Rc1 $18) 72... Ke8 73. Rxd5 (73. Bxa6 Rxc6 74. Ra7 Rc2+ 75. Kg3 Kd8 $18) (73. Rc7 Kd8 $16) 73... Rxc6 74. Re5+ (74. Rxf5 h4 $18) 74... Kd8 75. Rxf5 Bg4) 72. Ke1 $18 Rxf1+ 73. Kxf1 Ba4 74. Rxh5 Kc7 75. Rh6 Bxc6 76. Rf6 Bb5+ 77. Kf2 Bd3 78. Ke3 Be4 79. Rxa6 Kb7 80. Rb6+ Ka7 81. Rf6 Kb7 82. Kf4 Ka7 83. Ke5 Kb7 84. Rxf5 Ka6 85. Rf6+ Kxa5 86. Rd6 Bg2 87. Rxd5+ Kb6 88. Rc5 Bb7 89. Rc1 Ba6 90. d5 Be2 91. d6 Bg4 92. Kf6 Bd7 93. Ke7 Bc6 94. Rxc6+ 1-0

[Event "1000GM Schev-A February 2024"]
[Site "Santa Clara"]
[Date "2024.02.19"]
[Round "5.4"]
[White "Rajaram, Rohan"]
[Black "Arenas, David"]
[Result "1/2-1/2"]
[ECO "D27"]
[WhiteElo "2151"]
[BlackElo "2406"]
[Annotator "TA"]
[PlyCount "41"]
[EventDate "2024.02.13"]
[EventType "schev"]
[EventCountry "USA"]
[SourceTitle "playchess.com"]
[Source "ChessBase"]
[SourceQuality "1"]
[TimeControl "5400+30"]

1. d4 d5 2. c4 dxc4 3. e3 Nf6 4. Bxc4 e6 5. Nf3 a6 6. O-O c5 7. dxc5 Qxd1 8. Rxd1 Bxc5 9. Nc3 b5 10. Be2 Nbd7 11. b3 Bb7 {[%emt 0:02:22] The position is equal.} 12. Bb2 Rc8 13. Rac1 O-O 14. Ne1 Nb6 15. Nd3 {[%emt 0:01:20] [#] Threatens to win with Nxc5.} Bd6 16. Bf3 Bxf3 17. gxf3 Rc7 18. Ne2 Rfc8 19. Rxc7 Rxc7 20. Rc1 Rxc1+ 21. Ndxc1 {[%emt 0:01:52] A rather calm draw.   Weighted Error Value: White=0.07 (flawless) /Black=0.04 (flawless) .  Inaccurate:     	White=1     	---        OK:         	White=4     	Black=2} 1/2-1/2

[Event "1000GM Schev-A February 2024"]
[Site "Santa Clara"]
[Date "2024.02.19"]
[Round "5.5"]
[White "Sivakumar, Shaaketh"]
[Black "Zuluaga Mancilla, Cesar"]
[Result "1/2-1/2"]
[ECO "B40"]
[WhiteElo "2364"]
[BlackElo "2251"]
[Annotator "TA"]
[PlyCount "51"]
[EventDate "2024.02.13"]
[EventType "schev"]
[EventCountry "USA"]
[SourceTitle "playchess.com"]
[Source "ChessBase"]
[SourceQuality "1"]
[TimeControl "5400+30"]

1. e4 c5 2. Nf3 e6 3. g3 a6 4. Bg2 d6 5. O-O Nc6 6. c3 Nf6 7. Qe2 e5 {[%emt 0:00:39] [#]} 8. d4 $1 {[%emt 0:00:00] White is slightly better.} cxd4 9. cxd4 Bg4 10. d5 Nd4 11. Qd3 Bxf3 12. Bxf3 Rc8 13. Nc3 Nxf3+ 14. Qxf3 Be7 15. Be3 O-O 16. Qe2 Qd7 17. f3 (17. Kg2 {is interesting.} Qg4 18. f3 Qh5 19. Rac1) 17... Bd8 18. Rfc1 Ba5 19. Rab1 Bb4 20. Nd1 Rxc1 21. Rxc1 Rc8 22. Rc4 Ba5 23. b4 Bd8 24. Qc2 Rxc4 25. Qxc4 h5 26. h4 {[%emt 0:00:00] Weighted Error Value: White=0.08 (flawless) /Black=0.05 (flawless) .  OK:         	White=5     	Black=11} 1/2-1/2